 Dungeon Crawl Stone Soup version 0.31-a0-271-gb88eb75e06 (webtiles) character file.

Game seed: 10789927337374729846

92 Shard1697 the Caller (level 4, -10/33 HPs)
             Began as a Draconian Hedge Wizard on July 14, 2023.
             Mangled by Crazy Yiuf
             ... wielding a +2 quarterstaff of chaos
              (20 damage)
             ... on level 2 of the Dungeon.
             The game lasted 00:03:57 (1988 turns).

Shard1697 the Caller (Draconian Hedge Wizard)       Turns: 1988, Time: 00:03:58

Health: -10/33     AC:  5    Str: 12    XL:     4   Next: 35%
Magic:  7/9        EV: 12    Int: 16    God:
Gold:   60         SH:  0    Dex: 11    Spells: 4/10 levels left

rFire   . . .        n - +0 quarterstaff
rCold   . . .        (shield currently unavailable)
rNeg    . . .        (body armour unavailable)
rPois   .            b - +0 hat
rElec   .            (no cloak)
rCorr   .            (no gloves)
SInv    .            (no boots)
Will    .....        (no amulet)
Stlth   ++           (no ring)
HPRegen 0.25/turn    (no ring)
MPRegen 0.11/turn

%: no passive effects
@: hasted, very quick
A: AC +5, unfitting armour, cold-blooded
a: no special abilities


You were on level 2 of the Dungeon.
You visited 1 branch of the dungeon, and saw 2 of its levels.

You collected 60 gold pieces.

Inventory:

Hand Weapons
 a - a +0 dagger
 g - a +0 whip
 n - a +0 quarterstaff (weapon)
Armour
 b - a +0 hat (worn)
Scrolls
 d - 3 scrolls of identify {unknown}
 f - 2 scrolls of enchant weapon {unknown}
 i - 2 scrolls of fog {unknown}
 k - a scroll of revelation {unknown}
 l - a scroll of poison {unknown}
Potions
 c - a potion of magic
 e - 2 potions of curing {unknown}
 h - a potion of lignification {unknown}
 j - 2 potions of degeneration {unknown}
 m - a potion of resistance {unknown}
 o - a potion of berserk rage {unknown}


   Skills:
 - Level 1.7 Dodging
 - Level 1.7 Stealth
 + Level 3.5 Spellcasting
 - Level 1.0 Conjurations
 * Level 3.7 Summonings
 - Level 1.0 Translocations


You had 4 spell levels left.
You knew the following spells:

 Your Spells              Type           Power      Damage    Failure   Level
a - Magic Dart            Conj           24%        1d4       12%         1
b - Call Imp              Summ           28%        N/A       6%          2
t - Call Canine Familiar  Summ           14%        N/A       12%         3

Your spell library contained the following spells:

 Spells                   Type           Power      Damage    Failure   Level
 Slow                     Hex            8%         N/A       19%         1
 Blink                    Tloc           12%        N/A       19%         2
 Cigotuvi's Dreadful Rot  Necr/Pois/Air  4%         N/A       26%         2
 Portal Projectile        Hex/Tloc       8%         N/A       41%         3
 Mephitic Cloud           Conj/Pois/Air  3%         N/A       43%         3
 Leda's Liquefaction      Hex/Erth       1%         N/A       87%         4


Dungeon Overview and Level Annotations

Branches:
Dungeon (2/15)

Altars:

Annotations:
D:2 Crazy Yiuf


Innate Abilities, Weirdness & Mutations

Your plain brown scales are hard. (AC +5)
You cannot fit into any form of body armour.
You are cold-blooded and may be slowed by cold attacks.


Message History

You closely miss Terence. You tail-slap Terence.
You kill Terence!
Things that are here:
a +0 hand axe; a +0 scale mail Your cerulean imp disappears in a puff of smoke!
o - a smoky inky potion
Found a hammer.
Found a runed translucent door.
Crazy Yiuf shouts!
Casting: Call Imp (safe; 6% risk of failure)
Confirm with . or Enter, or press ? or * to list all spells.
A tiny devil pulls itself out of the air.
You open the door. You hit Crazy Yiuf.
Crazy Yiuf is lightly wounded.
Crazy Yiuf barely misses you.
Your cerulean imp barely misses Crazy Yiuf.
Crazy Yiuf barely misses you.
You closely miss Crazy Yiuf.
Crazy Yiuf is lightly wounded.
Your cerulean imp hits Crazy Yiuf but does no damage.
Crazy Yiuf hits you with a +2 quarterstaff of chaos.
You hit Crazy Yiuf.
Crazy Yiuf is moderately wounded.
Your cerulean imp hits Crazy Yiuf but does no damage.
Crazy Yiuf grits, "Aardvark return to song agre!"
Crazy Yiuf misses you.
Your cerulean imp hits Crazy Yiuf but does no damage.
You sock Crazy Yiuf!
Crazy Yiuf is severely wounded.
Crazy Yiuf barely misses you.
Your cerulean imp barely misses Crazy Yiuf.
You hit Crazy Yiuf.
Crazy Yiuf is almost dead.
Crazy Yiuf laughs, "Ice fast sow!"
Crazy Yiuf hits you with a +2 quarterstaff of chaos!
You feel yourself speed up.
Your cerulean imp misses Crazy Yiuf.
Crazy Yiuf hits you with a +2 quarterstaff of chaos!
Space warps horribly around you!!
Ouch! That really hurt!
You die...

...#....#
#.#
...#....#
###
#>...#..#
..#..#..####
#####
###..#.....#
#..)#
..#..#.#####
#...#
#.#.##.# ...
#.#.##.# #g#
#.#.##.#
♣♣@♣
#.#....#
♣5♣♣
#.####.##
♣♣.♣ #.#
#..# ♣.♣♣
#.# ##.##
♣♣.♣♣ ..#
#..# ♣...♣♣
### ##.##
♣.P.P♣ #..##
#....#
##..###....#


You could see Crazy Yiuf (ally target) and a friendly cerulean imp (summoned).

Vanquished Creatures
  Terence (D:2)
  An adder (D:2)
  2 dart slugs
  5 endoplasms
  A goblin (D:1)
  A hobgoblin (D:2)
  4 jackals
  3 kobolds (D:1)
  4 quokkas
  2 ball pythons (D:1)
  3 bats
  A frilled lizard (D:1)
  3 rats
31 creatures vanquished.

Vanquished Creatures (collateral kills)
  A gnoll (D:1)
  A worm (D:2)
  A ball python (D:2)
  2 endoplasms
  A goblin (D:2)
  2 jackals (D:1)
  A quokka (D:1)
  A kobold (D:2)
10 creatures vanquished.

Grand Total: 41 creatures vanquished

Notes
Turn   | Place    | Note
-------+----------+-------------------------------------------
     0 | D:1      | Shard1697 the Draconian Hedge Wizard began the quest for
                  | the Orb.
     0 | D:1      | Reached XP level 1. HP: 14/14 MP: 4/4
   364 | D:1      | Reached XP level 2. HP: 20/20 MP: 0/6
   428 | D:1      | Learned a level 2 spell: Call Imp
   446 | D:1      | Found a faded altar of an unknown god.
   793 | D:1      | Reached XP level 3. HP: 21/26 MP: 4/7
  1118 | D:1      | Learned a level 3 spell: Call Canine Familiar
  1174 | D:2      | Noticed Terence
  1731 | D:2      | Reached XP level 4. HP: 30/33 MP: 9/9
  1891 | D:2      | Killed Terence
  1978 | D:2      | Found a runed translucent door.
  1979 | D:2      | Noticed Crazy Yiuf
  1988 | D:2      | Mangled by Crazy Yiuf

Illustrated notes

Levels and vault maps discovered:
D:1:      psy_arrival_heroes, layout_loops_ring,
          hellmonk_ecumenical_altar_blasted, minmay_tetromino_i4
D:2:      layout_basic, uniq_terence, uniq_crazy_yiuf_cottage

Skill      XL: |  1  2  3 |
---------------+----------+-----
Summonings     | 2 3 |  3.7
Dodging        | |  1.7
Stealth        | |  1.7
Spellcasting   | |  3.5
Conjurations   | |  1.0
Translocations | |  1.0

Action                     |  1- 3 |  4- 6 || total
---------------------------+-------+-------++-------
  Melee: Dagger            |    11 |       ||    11
         Tailslap          |    14 |     4 ||    18
         Whip              |    66 |       ||    66
         Quarterstaff      |    30 |    18 ||    48
         Punch             |     1 |       ||     1
   Cast: Magic Dart        |    29 |       ||    29
         Call Imp          |    12 |     2 ||    14
         Call Canine Famil |       |     1 ||     1
   Stab: Distracted        |     1 |       ||     1
 Armour: Skin              |    47 |     4 ||    51
  Dodge: Dodged            |    96 |    10 ||   106

Table legend: (Time is in decaauts)
 A = Elapsed time spent in this place.
 B = Non-inter-level travel time spent in this place.
 C = Inter-level travel time spent in this place.
 D = Time resting spent in this place.
 E = Time spent auto-exploring this place.
 F = Levels seen in this place.
 G = Mean time per level.
                   A        B        C        D        E       F      G
               +--------+--------+--------+--------+--------+-----+--------+
         Total |   2007 |   2007 |      0 |     29 |   1492 |   2 | 1003.5 |
       Dungeon |   2007 |   2007 |      0 |     29 |   1492 |   2 | 1003.5 |
               +--------+--------+--------+--------+--------+-----+--------+

Top non-repeatable levels by time:
     D:1: 1124 daAuts
     D:2: 882 daAuts
